 Dungeon Crawl Stone Soup version 0.30-a0-852-g08b95dd62f (webtiles) character file.

Game seed: 293530576883132901

1436 ragingrage the Cutter (level 8, 0/54 HPs)
             Began as a Demonspawn Delver on Mar 4, 2023.
             Was a Follower of Uskayaw.
             Engulfed by a steam dragon's steam (8 damage)
             ... on level 7 of the Dungeon.
             The game lasted 00:12:56 (6326 turns).

ragingrage the Cutter (Demonspawn Delver)           Turns: 6326, Time: 00:12:56

Health: 0/54       AC:  7    Str: 12    XL:     8   Next: 45%
Magic:  8/8        EV: 11    Int: 11    God:    Uskayaw [*.....]
Gold:   365        SH:  0    Dex: 20    Spells: 7/7 levels left

rFire   . . .      SeeInvis +    w - +1 dagger (speed)
rCold   . . .      Faith    .    (no shield)
rNeg    . . .      Spirit   .    e - +0 ring mail
rPois   .          Reflect  .    j - +1 helmet
rElec   .          Rampage  .    (no cloak)
rCorr   .                        (no gloves)
Will    +....                    (no boots)
Stlth   ++++                     l - amulet of magic regeneration
HPRegen 0.29/turn                i - ring of see invisible
MPRegen 0.51/turn                h - ring of willpower

@: studying Shields
A: thin skeletal structure 1, weakness stinger 1, frail 1
a: Renounce Religion, Stomp


You were on level 7 of the Dungeon.
You worshipped Uskayaw.
Uskayaw was noncommittal.
You visited 1 branch of the dungeon, and saw 7 of its levels.

You collected 365 gold pieces.

Inventory:

Hand Weapons
 a - a +0 falchion
 u - a +0 rapier
 w - a +1 dagger of speed (weapon)
Missiles
 b - a javelin
 n - 10 poisoned darts (quivered)
 C - 6 curare-tipped darts
Armour
 e - a +0 ring mail (worn)
 j - a +1 helmet (worn)
Jewellery
 h - a ring of willpower (right hand)
 i - a ring of see invisible (left hand)
 l - an amulet of magic regeneration (around neck)
Wands
 g - a wand of digging (1)
 y - a wand of quicksilver (3)
 D - a wand of paralysis (12)
Scrolls
 c - a scroll of fog
 d - a scroll of magic mapping
 f - a scroll of blinking
 m - a scroll of identify
 o - a scroll of immolation {unknown}
 r - a scroll of vulnerability {unknown}
 s - a scroll of enchant weapon {unknown}
 x - a scroll of amnesia {unknown}
Potions
 k - 4 potions of curing
 q - 3 potions of magic
 v - a potion of degeneration


   Skills:
 - Level 3.7 Fighting
 + Level 6.4(7.6) Short Blades
 - Level 6.3(7.6) Long Blades
 - Level 2.5 Dodging
 - Level 5.0 Stealth


You had 7 spell levels left.
You didn't know any spells.
Your spell library was empty.

Dungeon Overview and Level Annotations

Branches:
Dungeon (7/15)             Temple (0/1) D:7

Altars:
Trog
Uskayaw

Annotations:
D:3 exclusion: upstairs
D:5 Edmund
D:7 Joseph


Innate Abilities, Weirdness & Mutations

You have a somewhat thin skeletal structure. (Dex +2, Stealth+)
You have a small tail.
You are frail. (-10% HP)


Message History

You now have 365 gold pieces (gained 8).
h - a ring of willpower
Found a stone staircase leading down.
l - an amulet of magic regeneration You open the door.
There is an open door here.
m - a scroll of identify You start putting on your amulet.
You continue putting on your amulet of magic regeneration. x5
You finish putting on your amulet of magic regeneration.
l - an amulet of magic regeneration (around neck)
h - a ring of willpower (right hand)
You see here a scroll of noise.
You see here a +0 plate armour.
A steam dragon comes into view.
A steam dragon is nearby!
A steam dragon is nearby!
A steam dragon is nearby!
The steam dragon hisses angrily.
The steam dragon breathes steam at you. The ball of steam hits you!
You hear a shout!
You hear an angry hiss.
Joseph, a Mercenary comes into view.
He is wielding a +0 quarterstaff, wearing a +0 ring mail of positive energy and carrying a wand of iceblast (10).
You are engulfed in a cloud of scalding steam.
Joseph unwields a +0 quarterstaff.
Joseph wields a +0 sling.
Joseph shoots a sling bullet.
The sling bullet closely misses you.
A white imp comes into view.
The steam dragon breathes steam at you. The ball of steam hits you!!
Joseph zaps a wand.
The mass of ice explodes!
The iceblast engulfs you!
* * * LOW HITPOINT WARNING * * *
The white imp shouts, "Escape, thou defiled tickle-brained lewdster!"
You hear an angry hiss.
You are engulfed in a cloud of scalding steam.
Joseph shoots a sling bullet.
The sling bullet closely misses you.
You hear an angry hiss.
Unknown command.
You are engulfed in a cloud of scalding steam.
You die...

#...........###..# .
##.##.....#.###..######..
#.##.###................
#.##.###>..............#
#.##...........#........
#####.#####.##...###..######
#........?..................
#.......###[##.....#.#.#..##
#.......# #@##...#..........
###########§##...#......≈≈.≈
#.......§.§.##...#....≈≈≈≈.≈
#...........######..≈≈≈≈≈≈.≈
#.......§...# #.≈≈≈≈≈≈≈.≈
#.....[....$..# #.≈≈≈≈≈≈...
#......D...##.# #.≈≈≈≈≈≈.>.
#.............# ..≈≈≈≈≈≈...
#....5@....#### ≈≈≈≈


There were no monsters in sight!

Vanquished Creatures
  Grinder (D:4)
  Sigmund (D:4)
  2 water moccasins (D:6)
  An ogre (D:6)
  2 phantoms (D:4)
  3 scorpions
  A howler monkey (D:6)
  3 hounds
  An orc priest (D:6)
  An iguana (D:5)
  2 orc wizards
  Robin (D:4)
  4 gnolls
  7 adders
  A shadow imp (D:7)
  2 worms
  9 orcs
  9 endoplasms
  7 giant cockroaches
  10 hobgoblins
  3 jackals (D:1)
  7 kobolds
  3 quokkas
  6 ball pythons
  8 bats
  A frilled lizard (D:1)
  11 goblins
  6 rats
113 creatures vanquished.

Notes
Turn   | Place    | Note
-------+----------+-------------------------------------------
     0 | D:5      | ragingrage the Demonspawn Delver began the quest for the
                  | Orb.
     0 | D:5      | Reached XP level 1. HP: 18/18 MP: 1/1
    13 | D:5      | Noticed an iguana
    56 | D:5      | Found a hide-covered altar of Uskayaw.
    60 | D:5      | Became a worshipper of Uskayaw the Reveller
    64 | D:5      | Noticed Edmund
   118 | D:4      | Noticed a scorpion
   126 | D:4      | Noticed Grinder
   138 | D:4      | Noticed an orc wizard
   183 | D:4      | Noticed Sigmund
   197 | D:4      | Reached * piety under Uskayaw
   397 | D:3      | Gained mutation: You have a small tail. [demonic ancestry]
   397 | D:3      | Reached XP level 2. HP: 17/24 MP: 2/2
   400 | D:3      | Reached ** piety under Uskayaw
   524 | D:2      | HP: 1/24 [poisoned by an adder]
   652 | D:2      | Reached XP level 3. HP: 27/29 MP: 3/3
   718 | D:2      | Found a bloodstained altar of Trog.
  1217 | D:1      | Reached XP level 4. HP: 25/35 MP: 4/4
  1895 | D:2      | Found a faded altar of an unknown god.
  1973 | D:3      | Reached skill level 5 in Stealth
  2836 | D:4      | Noticed a scorpion
  2903 | D:4      | Noticed Robin
  2904 | D:4      | Reached XP level 5. HP: 33/42 MP: 5/5
  2932 | D:4      | Killed Robin
  3499 | D:4      | Paralysed by Grinder for 5 turns
  3521 | D:4      | Reached *** piety under Uskayaw
  3536 | D:4      | Killed Grinder
  3537 | D:4      | Reached skill level 5 in Long Blades
  3537 | D:4      | Reached XP level 6. HP: 48/48 MP: 6/6
  3835 | D:4      | Gained mutation: You have a somewhat thin skeletal
                  | structure. (Dex +2, Stealth+) [demonic ancestry]
  3835 | D:4      | Reached XP level 7. HP: 14/53 MP: 7/7
  4059 | D:4      | Reached skill level 1 in Short Blades
  5205 | D:4      | Killed Sigmund
  5206 | D:4      | Reached XP level 8. HP: 60/60 MP: 8/8
  5554 | D:6      | Reached skill level 5 in Short Blades
  6042 | D:6      | Gained mutation: You are frail. (-10% HP) [potion of
                  | mutation]
  6223 | D:7      | Found a staircase to the Ecumenical Temple.
  6321 | D:7      | Noticed Joseph
  6326 | D:7      | Engulfed by a steam dragon's steam

Illustrated notes

Levels and vault maps discovered:
D:1:      ebering_trefoil_twist, layout_loops_ring, minmay_misc_feat_iff,
          grunt_decor_fettered, grunt_decor_resistance
D:2:      layout_rooms, basic_altar, shapermc_ecumenical_altar_mp_highgroup
D:3:      layout_loops_cross, kennysheep_another_room
D:4:      kb_forest_paths, layout_loops_ring, chequers_jeans,
          hangedman_decor_push, uniq_grinder, uniq_sigmund, uniq_robin
D:5:      layout_basic, mainiacjoe_overflow_tiny_flanked,
          nicolae_overflow_hallway_of_the_gods, grunt_decor_clamped,
          serial_bayou_pond_c, uniq_edmund
D:6:      layout_cave_pools, serial_column_ruins, column_ruins_grid_1,
          column_ruins_open_medium, column_ruins_grid_1, column_ruins_grid_3,
          column_ruins_open_small, column_ruins_open_tiny
D:7:      layout_basic, fedhas_altar_1, temple_pool_b, serial_shops,
          shop_statue, minmay_fractal_squares_gapless_5, uniq_joseph

Skill      XL: |  1  2  3  4  5  6  7  8 |
---------------+-------------------------+-----
Long Blades    | 2 3 5 6 |  6.3
Dodging        | 2 |  2.5
Stealth        | 5 |  5.0
Short Blades   | 4 6 |  6.4
Fighting       | |  3.7

Action                     |  1- 3 |  4- 6 |  7- 9 || total
---------------------------+-------+-------+-------++-------
  Melee: Falchion          |   131 |   136 |       ||   267
         Tailslap          |    10 |    21 |    49 ||    80
         Punch             |     1 |     3 |     1 ||     5
         Unarmed           |       |    39 |       ||    39
         Dagger            |       |     1 |   224 ||   225
  Throw: Dart              |       |    14 |    13 ||    27
         Javelin           |       |     3 |     1 ||     4
  Evoke: Wand              |     2 |       |       ||     2
    Use: Potion            |     1 |     2 |     6 ||     9
         Scroll            |     1 |     5 |     6 ||    12
   Stab: Sleeping          |     6 |     4 |     5 ||    15
         Distracted        |     1 |       |       ||     1
         Paralysed         |       |     1 |     4 ||     5
 Armour: Leather armour    |    28 |       |       ||    28
         Ring mail         |    26 |    33 |    36 ||    95
         Skin              |       |    40 |       ||    40
  Dodge: Dodged            |   114 |   100 |    62 ||   276

Table legend: (Time is in decaauts)
 A = Elapsed time spent in this place.
 B = Non-inter-level travel time spent in this place.
 C = Inter-level travel time spent in this place.
 D = Time resting spent in this place.
 E = Time spent auto-exploring this place.
 F = Levels seen in this place.
 G = Mean time per level.
                   A        B        C        D        E       F      G
               +--------+--------+--------+--------+--------+-----+--------+
         Total |   6217 |   5868 |    349 |   1616 |   2745 |   7 |  888.1 |
       Dungeon |   6217 |   5868 |    349 |   1616 |   2745 |   7 |  888.1 |
               +--------+--------+--------+--------+--------+-----+--------+

Top non-repeatable levels by time:
     D:4: 1892 daAuts
     D:3: 1071 daAuts
     D:1: 862 daAuts
     D:5: 857 daAuts
     D:6: 732 daAuts
     D:2: 545 daAuts
     D:7: 254 daAuts
